 Dungeon Crawl Stone Soup version 0.24.0-1-gfbc8707 (webtiles) character file.

Game seed: 4178900997020714633, levelgen mode: deterministic

15815 Illumine the Cleaver (level 12, -7/108 HPs)
             Began as a Minotaur Fighter on Nov 25, 2019.
             Was a High Priest of Okawaru.
             Mangled by a crocodile (12 damage)
             ... on level 1 of the Lair of Beasts.
             The game lasted 00:15:45 (12139 turns).

Illumine the Cleaver (Minotaur Fighter)            Turns: 12139, Time: 00:15:46

Health: -7/108     AC: 15    Str: 24    XL:     12   Next: 4%
Magic:  15/16      EV: 17    Int:  7    God:    Okawaru [*****.]
Gold:   1041       SH:  0    Dex: 12    Spells: 11/11 levels left

rFire    + . .     SeeInvis .   F - +0 battleaxe
rCold    + + .     Gourm    .   (shield currently unavailable)
rNeg     . . .     Faith    .   K - +3 scale mail of the Desolation of Salt {rC++ MR+ rCorr Int+2}
rPois    .         Spirit   .   e - +0 hat
rElec    .         Reflect  .   (no cloak)
rCorr    +         Harm     .   J - +1 pair of gloves
MR       ++...                  (no boots)
Stlth    +.........             q - amulet of rage
HPRegen  0.28/turn              D - ring of protection from magic
MPRegen  0.15/turn              B - ring of protection from fire

@: heroism
A: retaliatory headbutt, horns 2
a: Heroism, Finesse, Renounce Religion, Evoke Berserk Rage


You were on level 1 of the Lair of Beasts.
You worshipped Okawaru.
Okawaru was extremely pleased with you.
You were not hungry.

You visited 3 branches of the dungeon, and saw 12 of its levels.

You collected 1041 gold pieces.

Inventory:

Hand Weapons
 a - a +0 war axe
 w - a +0 mace of draining
 F - a +0 battleaxe (weapon)
Missiles
 I - 21 arrows
 L - 4 boomerangs (quivered)
Armour
 c - a +0 shield
 e - a +0 hat (worn)
 i - a +0 chain mail
 u - a +1 ring mail of fire resistance
 H - a +2 chain mail of poison resistance
 J - a +1 pair of gloves (worn)
 K - the +3 scale mail of the Desolation of Salt (worn) {rC++ MR+ rCorr Int+2}
   (Okawaru gifted it to you on level 9 of the Dungeon)

   It affects your intelligence (+2).
   It greatly protects you from cold.
   It affects your resistance to hostile enchantments.
   It provides partial protection from all sources of acid and corrosion.
Jewellery
 g - an uncursed ring of resist corrosion
 q - an amulet of rage (around neck)
 r - an uncursed ring of poison resistance
 s - an uncursed amulet of magic regeneration
 B - a ring of protection from fire (right hand)
 D - a ring of protection from magic (left hand)
Wands
 x - a wand of iceblast (4)
 A - a wand of random effects (23)
 E - a wand of scattershot (6)
Scrolls
 d - a scroll of random uselessness {unknown}
 h - 2 scrolls of identify
 l - 3 scrolls of teleportation {unknown}
 m - 4 scrolls of magic mapping {unknown}
 n - a scroll of fear {unknown}
 t - 5 scrolls of remove curse {unknown}
 v - 2 scrolls of immolation {unknown}
 y - a scroll of noise {unknown}
 z - a scroll of fog {unknown}
 G - a scroll of blinking {unknown}
Potions
 b - 4 potions of heal wounds
 j - 2 potions of curing
 k - 3 potions of brilliance {unknown}
 o - a potion of flight {unknown}
 p - 3 potions of ambrosia {unknown}
 C - a potion of mutation {unknown}
Comestibles
 f - 23 rations


   Skills:
 + Level 10.6(15.6) Fighting
 + Level 13.1(18.1) Axes
 + Level 10.4(15.4) Armour
 + Level 8.3(13.3) Dodging
 - Level 0.1(5.1) Stealth
 - Level 6.1(11.1) Shields
 + Level 7.4 Invocations


You had 11 spell levels left.
You didn't know any spells.
Your spell library contained the following spells:

 Spells                   Type           Power        Failure   Level  Hunger
 Animate Skeleton         Necr           N/A          65%         1    ##.....
 Apportation              Tloc           #.....       65%         1    ##.....
 Beastly Appendage        Tmut           #.....       65%         1    ##.....
 Confusing Touch          Hex            #.....       65%         1    ##.....
 Corona                   Hex            #......      65%         1    ##.....
 Summon Butterflies       Summ           #.......     65%         1    ##.....
 Summon Small Mammal      Summ           #...         65%         1    ##.....
 Slow                     Hex            #.......     78%         2    ###....
 Sticks to Snakes         Tmut           #.......     78%         2    ###....
 Inner Flame              Hex/Fire       #.......     95%         3    ####...
 Lesser Beckoning         Tloc           #.........   95%         3    ####...
 Portal Projectile        Hex/Tloc       #.....       95%         3    ####...
 Spider Form              Tmut/Pois      #.........   95%         3    ####...
 Tukima's Dance           Hex            #.......     95%         3    ####...
 Cause Fear               Hex            #.........   100%        4    #####..
 Ice Form                 Ice/Tmut       #.......     100%        4    #####..
 Leda's Liquefaction      Hex/Erth       #.........   100%        4    #####..
 Alistair's Intoxication  Tmut/Pois      #.......     100%        5    ######.
 Blade Hands              Tmut           #.........   100%        5    ######.
 Invisibility             Hex            #.......     100%        6    #######


Dungeon Overview and Level Annotations

Branches:
Dungeon (9/15)             Temple (0/1) D:6            Lair (1/6) D:8
    Orc (2/2) D:9
    Elf: Orc:2

Altars:
Elyvilon
Okawaru
Xom

Shops:
D:5 (

Annotations:
D:9 exclusion: obsidian statue


Innate Abilities, Weirdness & Mutations

You reflexively headbutt those who attack you in melee.
You have a pair of horns on your head.


Message History

The crocodile closely misses you.
You hit the crocodile but do no damage. Your headbutt misses the crocodile.
The crocodile is severely wounded.
The crocodile bites you.
* * * LOW HITPOINT WARNING * * *
You hit the crocodile. You headbutt the crocodile.
The crocodile is almost dead.
The crocodile bites you.
* * * LOW HITPOINT WARNING * * *
You closely miss the crocodile.
The crocodile is almost dead.
The crocodile bites you!
* * * LOW HITPOINT WARNING * * *
You hit the crocodile but do no damage.
You headbutt the crocodile, but do no damage.
The crocodile is almost dead.
You closely miss the crocodile.
The crocodile is almost dead.
The crocodile bites you!
You die...

#.. ..# ##..
###..## ###.....##
##........## ..
#........<.#....
#....†t..........
#....†@†.........
#P.....†..........
.................#
#...>.............
#................#
#...............#.
#/...........(..#
#...............


You could see a crocodile.

Vanquished Creatures
  Gastronok (Orc:1)
  5 two-headed ogres
  2 orc sorcerers (Orc:1)
  A komodo dragon (D:8)
  2 trolls
  Grinder (D:4)
  Prince Ribbit (D:8)
  A hornet (D:8)
  3 hippogriffs
  Sigmund (D:5)
  A wyvern (D:8)
  A human (D:8)
  14 yaks
  Eustachio (D:5)
  A basilisk (D:8)
  2 hogs (D:8)
  A hungry ghost (D:9)
  Menkaure (D:6)
  A warg (Orc:1)
  Edmund (D:6)
  Duvessa (D:5)
  A water moccasin (D:7)
  A porcupine (Lair:1)
  A swamp drake (D:8)
  11 orc warriors
  2 sky beasts
  A phantom (D:6)
  10 ogres
  A centaur (D:7)
  A necrophage (D:9)
  2 crocodiles (D:8)
  3 bullfrogs
  A scorpion (D:5)
  Dowan (D:5)
  8 killer bees
  A howler monkey (D:6)
  2 crimson imps
  A bullfrog zombie (D:6)
  A jelly (D:8)
  2 hounds
  A gnoll shaman (D:8)
  A centaur skeleton (D:8)
  6 orc priests
  19 orc wizards
  Jessica (D:2)
  3 iguanas
  6 worker ants
  A hound zombie (D:7)
  3 hound skeletons
  2 worker ant zombies
  10 gnolls
  8 adders
  A shadow imp (D:8)
  2 oozes
  2 worms (D:2)
  A dart slug (D:2)
  3 leopard geckos
  36 orcs
  7 giant cockroaches
  12 goblins
  11 hobgoblins
  5 jackals
  2 quokkas
  A ball python (D:2)
  A bat (D:2)
  7 frilled lizards
  12 kobolds
  A leopard gecko skeleton (D:4)
  7 rats
266 creatures vanquished.

Notes
Turn   | Place    | Note
-------+----------+-------------------------------------------
     0 | D:1      | Illumine the Minotaur Fighter began the quest for the Orb.
     0 | D:1      | Reached XP level 1. HP: 19/19 MP: 0/0
   272 | D:1      | Reached XP level 2. HP: 27/27 MP: 1/1
   616 | D:2      | Noticed Jessica
   621 | D:2      | Reached skill level 3 in Axes
   626 | D:2      | Reached XP level 3. HP: 24/33 MP: 2/2
   630 | D:2      | Killed Jessica
   767 | D:2      | Found a white marble altar of Elyvilon.
   798 | D:2      | Reached XP level 4. HP: 38/40 MP: 3/3
   938 | D:2      | Reached skill level 4 in Axes
  1621 | D:3      | Reached XP level 5. HP: 47/47 MP: 4/4
  1754 | D:3      | Reached skill level 5 in Fighting
  2420 | D:4      | Reached skill level 5 in Axes
  2420 | D:4      | Reached XP level 6. HP: 55/56 MP: 5/5
  2552 | D:4      | Noticed Grinder
  2557 | D:4      | Paralysed by Grinder for 3 turns
  2563 | D:4      | Killed Grinder
  2563 | D:4      | Reached skill level 6 in Axes
  2563 | D:4      | Reached skill level 5 in Armour
  2563 | D:4      | Reached skill level 5 in Shields
  2781 | D:4      | Found an iron altar of Okawaru.
  2787 | D:4      | Reached XP level 7. HP: 59/61 MP: 6/6
  2799 | D:4      | Became a worshipper of Warmaster Okawaru
  3014 | D:5      | Entered Level 5 of the Dungeon
  3014 | D:5      | Noticed Duvessa
  3014 | D:5      | Noticed Dowan
  3024 | D:5      | Killed Dowan
  3024 | D:5      | Reached skill level 1 in Dodging
  3033 | D:5      | Killed Duvessa
  3298 | D:5      | Found Serepe's Antique Weapon Boutique.
  3368 | D:5      | Reached skill level 1 in Invocations
  3514 | D:5      | Reached * piety under Okawaru
  3722 | D:5      | Noticed Sigmund
  3733 | D:5      | Killed Sigmund
  3733 | D:5      | Reached skill level 7 in Axes
  3733 | D:5      | Reached XP level 8. HP: 70/70 MP: 6/8
  3763 | D:5      | Noticed Eustachio
  3773 | D:5      | Killed Eustachio
  4451 | D:6      | Reached skill level 8 in Axes
  4517 | D:6      | Reached ** piety under Okawaru
  4855 | D:6      | Found a staircase to the Ecumenical Temple.
  4891 | D:6      | Noticed Menkaure
  4897 | D:6      | Killed Menkaure
  5060 | D:6      | Reached XP level 9. HP: 79/79 MP: 10/10
  5062 | D:6      | Noticed Edmund
  5069 | D:6      | Killed Edmund
  5493 | D:7      | Reached skill level 9 in Axes
  5809 | D:7      | Reached *** piety under Okawaru
  6189 | D:7      | Reached skill level 10 in Axes
  6482 | D:7      | Found a shimmering altar of Xom.
  6572 | D:8      | Reached skill level 5 in Dodging
  6608 | D:8      | Reached XP level 10. HP: 75/88 MP: 12/12
  6622 | D:8      | Reached **** piety under Okawaru
  7150 | D:8      | Noticed a two-headed ogre
  7163 | D:8      | Killed a two-headed ogre
  7163 | D:8      | Reached skill level 5 in Invocations
  7508 | D:8      | Reached skill level 11 in Axes
  8343 | D:8      | Reached ***** piety under Okawaru
  8435 | D:8      | Found a staircase to the Lair.
  9093 | D:9      | Noticed Prince Ribbit
  9094 | D:9      | Noticed a two-headed ogre
  9121 | D:8      | Killed Prince Ribbit
  9155 | D:9      | Killed a two-headed ogre
  9155 | D:9      | Received a gift from Okawaru
  9155 | D:9      | Reached skill level 12 in Axes
  9155 | D:9      | Reached XP level 11. HP: 62/97 MP: 14/14
  9158 | D:9      | Got a faintly glowing scale mail {god gift}
  9169 | D:9      | Identified the +3 scale mail of the Desolation of Salt
                  | {rC++ MR+ rCorr Int+2} (Okawaru gifted it to you on level 9
                  | of the Dungeon)
  9347 | D:9      | Found a staircase to the Orcish Mines.
  9366 | D:9      | Noticed an obsidian statue
  9485 | Orc:1    | Entered Level 1 of the Orcish Mines
  9888 | Orc:1    | Noticed a two-headed ogre
  9899 | Orc:1    | Killed a two-headed ogre
 10175 | Orc:1    | Noticed an orc sorcerer
 10185 | Orc:1    | Killed an orc sorcerer
 10661 | Orc:1    | Noticed Gastronok
 10684 | Orc:1    | Killed Gastronok
 10684 | Orc:1    | Reached skill level 10 in Fighting
 11141 | Orc:1    | Reached skill level 10 in Armour
 11334 | Orc:2    | Entered Level 2 of the Orcish Mines
 11334 | Orc:2    | Noticed a two-headed ogre
 11334 | Orc:2    | Noticed an orc sorcerer
 11351 | Orc:1    | Killed an orc sorcerer
 11411 | Orc:2    | Killed a two-headed ogre
 11413 | Orc:2    | Noticed a two-headed ogre
 11553 | Orc:2    | Noticed a two-headed ogre
 11558 | Orc:1    | Reached skill level 13 in Axes
 11606 | Orc:2    | Noticed a two-headed ogre
 11606 | Orc:2    | Noticed a two-headed ogre
 11616 | Orc:1    | Killed a two-headed ogre
 12111 | Lair:1   | Entered Level 1 of the Lair of Beasts
 12123 | Lair:1   | Received a gift from Okawaru
 12128 | Lair:1   | Reached XP level 12. HP: 41/107 MP: 16/16
 12137 | Lair:1   | HP: 4/108 [crocodile (7)]
 12139 | Lair:1   | Mangled by a crocodile

Levels and vault maps discovered:
D:1:      matt_arrival_refuge, layout_rooms
D:2:      layout_basic, first_ration, elyvilon_altar_5, uniq_jessica
D:3:      layout_basic, kennysheep_nub
D:4:      layout_rooms, okawaru_altar_gauntlet_db, uniq_grinder
D:5:      layout_cave_pods, serial_shops, shop, uniq_sigmund, uniq_duvessa,
          uniq_eustachio
D:6:      layout_basic, minmay_temple_entry_mini_moons, uniq_menkaure,
          uniq_edmund
D:7:      layout_rooms, lemuel_coloured_pillars_altar
D:8:      layout_loops_ring, erik_lair_dragon, grunt_livestock
D:9:      layout_basic, orc_0_dummy, serial_shops, kennysheep_little_box,
          minivault_15, st_stairs_11, hangedman_abyss_or_decor_passed,
          hangedman_abyss_or_decor_stabs, uniq_prince_ribbit1, uniq_harold
Lair:1:   layout_cave_pods, minmay_lair_oklob_chamber,
          infiniplex_staircase_pool, grunt_megastairs_1
Orc:1:    layout_diamond_mine, mines4_lemuel, uniq_gastronok
Orc:2:    st_orc_ogre_mass, layout_caves, basic_altar, serial_shops, shop,
          rock_pile

Skill      XL: |  1  2  3  4  5  6  7  8  9 10 11 |
---------------+----------------------------------+-----
Armour         | 4 5 6 7 9 10 | 10.4
Axes           | 3 4 5 6 7 8 10 12 13 | 13.1
Fighting       | 4 5 6 7 8 9 10 | 10.6
Shields        | 4 5 6 |  6.1
Dodging        | 2 3 5 6 8 |  8.3
Invocations    | 1 3 4 5 7 |  7.4
Stealth        | |  0.1

Action                   |  1- 3 |  4- 6 |  7- 9 | 10-12 || total
-------------------------+-------+-------+-------+-------++-------
Melee: War axe           |    64 |   129 |   111 |       ||   304
       Headbutt          |     7 |    13 |    46 |    88 ||   154
       Battleaxe         |       |       |   129 |   348 ||   477
Throw: Boomerang         |       |       |       |     9 ||     9
Invok: Heroism           |       |       |       |     2 ||     2
Evoke: Wand              |       |       |     2 |       ||     2
  Use: Potion            |       |     1 |       |       ||     1
       Scroll            |       |       |     6 |       ||     6
  Eat: Chunk             |       |     6 |    12 |    15 ||    33
       Ration            |       |       |       |     2 ||     2
Armor: Scale mail        |    11 |       |       |    78 ||    89
       Chain mail        |    14 |    50 |    60 |   114 ||   238
       Ring mail         |       |    19 |    36 |       ||    55
Dodge: Dodged            |    18 |    20 |   121 |   238 ||   397
Block: Shield            |    30 |    66 |    60 |       ||   156
